 Dungeon Crawl Stone Soup version 0.30-a0-972-gf3ab3527aa (webtiles) character file.

Game seed: 4618424430816966143

281 vishdafish the Conjurer (level 6, 40/41 HPs)
             Began as a Demonspawn Conjurer on Mar 31, 2023.
             Quit the game on level 4 of the Dungeon.
             The game lasted 00:05:17 (3786 turns).

vishdafish the Conjurer (Demonspawn Conjurer)       Turns: 3786, Time: 00:05:17

Health: 40/41      AC:  6    Str:  7    XL:     6   Next: 6%
Magic:  3/12       EV: 12    Int: 24    God:
Gold:   191        SH:  0    Dex: 12    Spells: 12/13 levels left

rFire   + . .      SeeInvis .    b - staff of conjuration
rCold   . . .      Faith    .    (no shield)
rNeg    + . .      Spirit   .    r - +2 robe of the Candlemaker {rN+ Int+3}
rPois   .          Reflect  .    (no helmet)
rElec   .          Rampage  .    o - +0 cloak
rCorr   .                        h - +0 pair of gloves
Will    .....                    (no boots)
Stlth   ++                       (no amulet)
HPRegen 0.26/turn                p - ring of protection from fire
MPRegen 0.13/turn                (no ring)

@: no status effects
A: hooves 2, spiny 1
a: no special abilities


You were on level 4 of the Dungeon.
You visited 1 branch of the dungeon, and saw 4 of its levels.

You collected 191 gold pieces.

Inventory:

Armour
 a - a +0 robe
 h - a +0 pair of gloves (worn)
 k - the +0 leather armour "Mofyr" {Dex+2}
   (You found it on level 2 of the Dungeon)

   Dex:       It affects your dexterity (+2).
 o - a +0 cloak (worn)
 q - a +3 leather armour
 r - the +2 robe of the Candlemaker (worn) {rN+ Int+3}
   (You found it on level 4 of the Dungeon)

   Int:       It affects your intelligence (+3).
   rN:        It protects you from negative energy.
Magical Staves
 b - a staff of conjuration (weapon)
Jewellery
 p - a ring of protection from fire (left hand)
Scrolls
 c - a scroll of enchant armour {unknown}
 f - a scroll of poison {unknown}
 g - 2 scrolls of amnesia {unknown}
 i - 3 scrolls of teleportation {unknown}
 j - a scroll of vulnerability {unknown}
 l - a scroll of enchant weapon {unknown}
 s - 3 scrolls of torment {unknown}
Potions
 d - a potion of brilliance {unknown}
 e - a potion of magic
 m - a potion of haste {unknown}
 n - 3 potions of degeneration {unknown}


   Skills:
 - Level 1.7 Dodging
 - Level 1.7 Stealth
 + Level 4.3 Spellcasting
 + Level 5.9 Conjurations


You had 12 spell levels left.
You knew the following spells:

 Your Spells              Type           Power      Damage    Failure   Level
a - Magic Dart            Conj           100%       1d8       1%          1

Your spell library contained the following spells:

 Spells                   Type           Power      Damage    Failure   Level
 Searing Ray              Conj           100%       2d8       1%          2
 Dazzling Flash           Conj/Hex       58%        N/A       9%          3
 Apportation              Tloc           10%        N/A       10%         1
 Fulminant Prism          Conj/Hex       14%        3d9       28%         4
 Iskenderun's Mystic Bla  Conj/Tloc      29%        2d7       28%         4
 Alistair's Intoxication  Tmut/Pois      3%         N/A       95%         5


Dungeon Overview and Level Annotations

Branches:
Dungeon (4/15)
 Temple: D:4-7

Altars:

Shops:
D:4 *

Annotations:
D:4 Menkaure


Innate Abilities, Weirdness & Mutations

You have hoof-like feet.
You are partially covered in sharp spines.


Message History

You can't see any susceptible monsters within range! (Use Z to cast anyway.)
You can't see any susceptible monsters within range! (Use Z to cast anyway.)
A kobold and a black bear come into view.
The kobold shouts!
There are monsters nearby!
There are monsters nearby!
There are monsters nearby!
You feel a surge of power!
The magic dart hits the kobold.
You kill the kobold!
Menkaure, Prince of Dust comes into view.
There is a stone staircase leading down here.
You feel a surge of power!
The magic dart hits the black bear.
The black bear is lightly wounded.
You feel a surge of power!
The magic dart hits the black bear!
The black bear is moderately wounded.
You feel a surge of power!
The magic dart hits the black bear but does no damage.
The black bear is moderately wounded.
You feel a surge of power!
The magic dart hits the black bear.
The black bear is severely wounded.
You feel a surge of power!
The magic dart hits the black bear.
The black bear is severely wounded.
The black bear goes berserk!
You feel a surge of power!
The magic dart hits the black bear but does no damage.
The black bear is severely wounded.
The black bear bites you but does no damage.
The black bear claws you but does no damage.
The black bear barely misses you.
You feel a surge of power!
The magic dart hits the black bear!
The black bear is almost dead.
The black bear closely misses you.
The black bear claws you but does no damage. x2
The black bear bites you. The black bear barely misses you. x2
You feel a surge of power!
The magic dart hits the black bear.
You kill the black bear!
You have reached level 6!
Your demonic ancestry asserts itself...
Sharp spines emerge from parts of your body.
Are you sure you want to abandon this character and quit the game? (Confirm with "yes".)

#.. #^# #.# #.#
##### #.# #...#
#.# #.#.# #.#
#@†.### #.#
#.#...# #.#
#.....######.#####
###.#.....h.......
#.......##.#####
#####.#.##.#
#...##.# ###....#
###.###


There were no monsters in sight!

Vanquished Creatures
  A black bear (D:4)
  A jelly (D:4)
  An orc priest (D:3)
  3 adders
  An adder zombie (D:2)
  An adder skeleton (D:2)
  4 dart slugs
  6 orcs
  8 ball pythons
  A bat skeleton (D:2)
  A bat zombie (D:2)
  8 endoplasms
  3 giant cockroaches
  6 goblins
  6 hobgoblins
  10 jackals
  5 quokkas
  3 bats
  5 frilled lizards
  8 kobolds
  A quokka skeleton (D:2)
  2 rats
85 creatures vanquished.

Vanquished Creatures (others)
  3 withered plants (D:2)
3 creatures vanquished.

Grand Total: 88 creatures vanquished

Notes
Turn   | Place    | Note
-------+----------+-------------------------------------------
     0 | D:1      | vishdafish the Demonspawn Conjurer began the quest for the
                  | Orb.
     0 | D:1      | Reached XP level 1. HP: 13/13 MP: 3/3
   337 | D:1      | Gained mutation: You have large cloven feet. [demonic
                  | ancestry]
   337 | D:1      | Reached XP level 2. HP: 19/19 MP: 1/5
  1203 | D:1      | Gained mutation: You have hoof-like feet. [demonic
                  | ancestry]
  1203 | D:1      | Reached XP level 3. HP: 24/24 MP: 5/7
  1376 | D:2      | Found a faded altar of an unknown god.
  1383 | D:2      | Identified the +4 dagger of the Sky {drain, Fragile rElec
                  | Will+ Dex+7}
  1567 | D:2      | Identified the +0 leather armour "Mofyr" {Dex+2}
  2205 | D:2      | Reached XP level 4. HP: 30/30 MP: 4/8
  2580 | D:3      | Reached skill level 5 in Conjurations
  2969 | D:3      | Reached XP level 5. HP: 35/35 MP: 6/10
  3525 | D:4      | Found Mutzux's Gadget Gallery.
  3632 | D:4      | Identified the +2 robe of the Candlemaker {rN+ Int+3}
  3752 | D:4      | Noticed a black bear
  3753 | D:4      | Noticed Menkaure
  3785 | D:4      | Killed a black bear
  3786 | D:4      | Gained mutation: You are partially covered in sharp spines.
                  | [demonic ancestry]
  3786 | D:4      | Reached XP level 6. HP: 40/41 MP: 3/12
  3786 | D:4      | Quit the game

Illustrated notes

Levels and vault maps discovered:
D:1:      wheals_arrival_shading, layout_basic, serial_corexii_hall,
          corexii_hall_statues_i, chequers_hall_statues_y
D:2:      layout_loops_ring, basic_ecumenical_altar, serial_undead,
          serial_undead_e, serial_undead_a, serial_undead_c, serial_undead_e,
          serial_undead_c, serial_undead_e, serial_undead_b
D:3:      layout_basic, grunt_ministairs_4, minmay_box_of_dots
D:4:      layout_basic, vehumet_altar_wand_db, nicolae_shop_gadgets, uniq_robin,
          uniq_menkaure

Skill      XL: |  1  2  3  4  5 |
---------------+----------------+-----
Spellcasting   | 3 4 |  4.3
Conjurations   | 5 |  5.9
Dodging        | |  1.7
Stealth        | |  1.7

Action                     |  1- 3 |  4- 6 || total
---------------------------+-------+-------++-------
  Melee: Staff             |     3 |       ||     3
   Cast: Magic Dart        |    80 |    92 ||   172
    Use: Potion            |     1 |       ||     1
 Armour: Robe              |     4 |     8 ||    12
  Dodge: Dodged            |    19 |    15 ||    34

Table legend: (Time is in decaauts)
 A = Elapsed time spent in this place.
 B = Non-inter-level travel time spent in this place.
 C = Inter-level travel time spent in this place.
 D = Time resting spent in this place.
 E = Time spent auto-exploring this place.
 F = Levels seen in this place.
 G = Mean time per level.
                   A        B        C        D        E       F      G
               +--------+--------+--------+--------+--------+-----+--------+
         Total |   3785 |   3735 |     50 |     65 |   3275 |   4 |  946.2 |
       Dungeon |   3785 |   3735 |     50 |     65 |   3275 |   4 |  946.2 |
               +--------+--------+--------+--------+--------+-----+--------+

Top non-repeatable levels by time:
     D:1: 1289 daAuts
     D:3: 1158 daAuts
     D:2: 1076 daAuts
     D:4: 260 daAuts
